 Dungeon Crawl Stone Soup version 0.19.1-1-g22dce08 (webtiles) character file.

165 ponk the Caller (level 5, -1/28 HPs)
             Began as a Deep Elf Summoner on Jan 12, 2017.
             Slain by Duvessa
             ... wielding a +0 short sword
              (11 damage)
             ... on level 4 of the Dungeon.
             The game lasted 00:23:13 (4357 turns).

ponk the Caller (Deep Elf Summoner)                 Turns: 4357, Time: 00:23:17

Health: -1/28      AC:  6    Str:  5    XL:     5   Next: 21%
Magic:  2/11       EV: 13    Int: 21    God:
Gold:   149        SH:  0    Dex: 15    Spells: 2 memorised, 7 levels left

rFire  . . .     SeeInvis .     c - +0 falchion
rCold  . . .     Gourm    .     r - +1 animal skin
rNeg   . . .     Faith    .     (no shield)
rPois  .         Spirit   .     t - +1 helmet
rElec  .         Reflect  .     (no cloak)
rCorr  .         Harm     .     (no gloves)
MR     .....                    h - +0 pair of boots
Stlth  ++........               (no amulet)
                                (no ring)
                                (no ring)

@: no status effects
A: no striking features
a: no special abilities


You were on level 4 of the Dungeon.
You were very hungry.

You visited 1 branch of the dungeon, and saw 4 of its levels.

You collected 149 gold pieces.

Inventory:

Hand Weapons
 c - a +0 falchion (weapon)
 k - a +0 mace of holy wrath
 v - a +1 dagger of venom
Armour
 a - a +0 robe
 h - a +0 pair of boots (worn)
 r - a +1 animal skin (worn)
 t - a +1 helmet (worn)
Jewellery
 i - an uncursed amulet of magic regeneration {unknown}
Scrolls
 d - a scroll of blinking {unknown}
 e - 2 scrolls of remove curse
 l - a scroll of recharging {unknown}
 q - 3 scrolls of magic mapping {unknown}
Potions
 f - a potion of cancellation
 m - a potion of cure mutation
 o - a potion of ambrosia
 s - 2 potions of curing {unknown}
Books
 b - a book of Callings

   Spells                             Type                      Level
   a - Summon Small Mammal            Summoning                    1
   b - Call Imp                       Summoning                    2
   c - Call Canine Familiar           Summoning                    3
   d - Summon Guardian Golem          Hexes/Summoning              3
   e - Summon Lightning Spire         Summoning/Air                4
   f - Summon Ice Beast               Ice/Summoning                4
Comestibles
 g - a royal jelly
 j - 4 meat rations
 n - 8 fruits
 p - a bread ration


   Skills:
 - Level 2.4 Dodging
 - Level 2.4 Stealth
 - Level 3.0 Spellcasting
 + Level 7.2 Summonings


You had 7 spell levels left.
You knew the following spells:

 Your Spells              Type           Power        Failure   Level  Hunger
a - Summon Small Mammal   Summ           ####         1%          1    None
b - Call Imp              Summ           ####....     1%          2    ##.....


Dungeon Overview and Level Annotations

Branches:
Dungeon (4/15)
 Temple: D:4-7

Altars:
Elyvilon
Makhleb
Ru
Sif Muna
Vehumet

Shops:
D:4 %

Annotations:
D:4 Dowan, Duvessa


Message History

Duvessa says, "Where magic fails, the sword succeeds!"
Your crimson imp hits Duvessa but does no damage.
You barely miss Duvessa.
Duvessa is moderately wounded.
Duvessa hits you with a short sword!
Your crimson imp blinks!
Duvessa hits you with a short sword.
You hit Duvessa.
Duvessa is moderately wounded.
Duvessa completely misses you. Duvessa barely misses you.
You riposte.
You hit Duvessa but do no damage.
Duvessa is moderately wounded.
You hit Duvessa.
Duvessa is moderately wounded.
Duvessa closely misses you.
You riposte.
You hit Duvessa but do no damage.
Duvessa is moderately wounded.
Dowan says, "Magic and the sword, together, will defeat you."
Dowan mumbles some strange words.
Dowan blinks!
Duvessa hits you with a short sword!
You die...

#.......)............#
###
#....).....###.......#
..# #......e...#
#.......# #5##
#..........# #########
#..###### ##..5.....##
##..5...# #..........#
######.###..........#
##......§......$#
######....5..§.e@....#
.......####..........#
.....### ##...####.##
.....# ##..# # .....#
#### .....# ######


You could see Duvessa, Dowan, a friendly iron imp and a friendly crimson imp.

Vanquished Creatures
  An orc wizard (D:3)
  An adder (D:3)
  An orc (D:3)
  A hobgoblin (D:2)
  A frilled lizard (D:3)
  A rat (D:3)
6 creatures vanquished.

Vanquished Creatures (collateral kills)
  A phantom (D:4)
  A crimson imp (D:3)
  Robin (D:3)
  A gnoll (D:1)
  An adder (D:3)
  An ooze (D:1)
  A worm (D:4)
  A dart slug (D:1)
  2 leopard geckos
  An orc (D:4)
  2 ball pythons
  A giant cockroach (D:2)
  16 goblins
  12 hobgoblins
  4 jackals (D:3)
  8 kobolds
  6 bats
  6 frilled lizards
  7 rats
73 creatures vanquished.

Grand Total: 79 creatures vanquished

Notes
Turn   | Place    | Note
-------+----------+-------------------------------------------
     0 | D:1      | ponk the Deep Elf Summoner began the quest for the Orb.
     0 | D:1      | Reached XP level 1. HP: 10/10 MP: 6/6
   360 | D:1      | Reached XP level 2. HP: 15/15 MP: 4/8
   520 | D:1      | Reached skill level 5 in Summonings
  1340 | D:2      | Learned a level 2 spell: Call Imp
  1582 | D:2      | Reached XP level 3. HP: 15/19 MP: 5/9
  2675 | D:3      | Found a sacrificial altar of Ru.
  2680 | D:3      | Reached skill level 6 in Summonings
  2715 | D:3      | Reached XP level 4. HP: 19/24 MP: 7/10
  3219 | D:3      | Found a white marble altar of Elyvilon.
  3240 | D:3      | Noticed Robin
  3249 | D:3      | Killed Robin
  3559 | D:3      | Found a radiant altar of Vehumet.
  3669 | D:3      | Found a burning altar of Makhleb.
  3894 | D:3      | Found a deep blue altar of Sif Muna.
  4070 | D:4      | Noticed a phantom
  4124 | D:4      | Killed a phantom
  4124 | D:4      | Reached skill level 7 in Summonings
  4124 | D:4      | Reached XP level 5. HP: 28/28 MP: 2/11
  4197 | D:4      | Found Hammo Torraa's Food Boutique.
  4292 | D:4      | Noticed Duvessa
  4338 | D:4      | Noticed Dowan
  4357 | D:4      | Slain by Duvessa

Skill      XL: |  1  2  3  4 |
---------------+-------------+-----
Summonings     | 5 6 7 |  7.2
Dodging        | |  2.4
Stealth        | |  2.4
Spellcasting   | |  3.0

Action                   |  1- 3 |  4- 6 || total
-------------------------+-------+-------++-------
Melee: Unarmed           |     7 |       ||     7
       Falchion          |    20 |    26 ||    46
 Cast: Summon Small Mamm |    49 |       ||    49
       Call Imp          |    15 |    43 ||    58
  Use: Scroll            |     5 |       ||     5
 Stab: Sleeping          |     1 |       ||     1
  Eat: Bread ration      |     1 |       ||     1
       Chunk             |     1 |     6 ||     7
Armor: Robe              |    27 |     1 ||    28
       Animal skin       |       |     6 ||     6
Dodge: Dodged            |    46 |    25 ||    71
       Rpst.: Falchion   |     4 |     7 ||    11
